 Dungeon Crawl Stone Soup version 0.31-a0-95-g6fa058ef04 (webtiles) character file.

Game seed: 5816367723064313278

116350 juan097 the Martial Artist (level 16, 0/124 (134) HPs)
             Began as a Red Draconian Transmuter on May 25, 2023.
             Was the Champion of Okawaru.
             Slain by a pharaoh ant (11 damage)
             ... on level 3 of the Spider Nest.
             The game lasted 01:41:50 (35394 turns).

juan097 the Martial Artist (DrTm)                  Turns: 35394, Time: 01:41:50

HP:   0/124 (134)   AC: 22    Str: 17    XL:     16   Next: 20%
MP:   23/25         EV: 19    Int: 15    God:    Okawaru [******]
Gold: 2835          SH:  5    Dex: 16    Spells: 7/27 levels left

rFire   + +          +
                       - Unarmed
rCold   . . .        (no shield)
rNeg    . . .        (body armour unavailable)
rPois   +            I - +2 hat
rElec   +            A - +1 cloak {Stlth+}
rCorr   .            S - +2 pair of gloves "Ufudis" {rPois rF++ Str+2 SInv}
SInv    +            g - +1 pair of boots of Skepticism {rElec}
Will    +....        h - amulet of reflection
Stlth   ++++         N - +4 ring of protection
HPRegen 0.40/turn    L - ring of poison resistance
MPRegen 0.19/turn

%: reflection
@: wereblooded, drained
A: breathe fire, AC +9, unfitting armour, fire resistance 1, cold-blooded
a: Breathe Fire, Renounce Religion, Heroism, Finesse, Duel


You were on level 3 of the Spider Nest.
You worshipped Okawaru.
Okawaru was exalted by your worship.
You visited 5 branches of the dungeon, and saw 26 of its levels.
You visited the Abyss 1 time.
You also visited: Sewer.

You collected 4216 gold pieces.
You spent 1381 gold pieces at shops.

Inventory:

Hand Weapons
 b - a +4 hand crossbow of freezing
 w - a +1 rapier of venom
Missiles
 i - 7 javelins
 m - 41 poisoned darts
 K - a curare-tipped dart
 M - 2 throwing nets
 Q - 12 boomerangs
 R - 3 silver boomerangs
Armour
 g - the +1 pair of boots of Skepticism (worn) {rElec}
   (You bought it in a shop on level 11 of the Dungeon)

   rElec:     It insulates you from electricity.
 x - a +0 cloak
 A - a +1 cloak of stealth (worn)
 I - a +2 hat (worn)
 S - the +2 pair of gloves "Ufudis" (worn) {rPois rF++ Str+2 SInv}
   (You bought it in a shop on level 4 of the Dungeon)

   Str:       It affects your strength (+2).
   rF:        It greatly protects you from fire.
   rPois:     It protects you from poison.
   SInv:      It lets you see invisible.
Jewellery
 h - an amulet of reflection (around neck)
 v - a ring of willpower
 L - a ring of poison resistance (right hand)
 N - a +4 ring of protection (left hand)
 V - a ring of resist corrosion
 X - a ring of flight
Wands
 t - a wand of mindburst (22)
 y - a wand of roots (16)
 C - a wand of paralysis (19)
 F - a wand of acid (12)
 G - a wand of flame (46)
 J - a wand of polymorph (3)
 Z - a wand of digging (7)
Scrolls
 e - 3 scrolls of enchant weapon
 f - a scroll of torment
 j - 5 scrolls of magic mapping
 k - 2 scrolls of fear
 n - 4 scrolls of immolation
 o - 3 scrolls of poison
 p - 3 scrolls of silence
 r - 6 scrolls of teleportation
 E - 2 scrolls of brand weapon
 O - 5 scrolls of fog
 P - 3 scrolls of vulnerability
 U - 5 scrolls of identify
 Y - a scroll of amnesia
Potions
 a - 3 potions of lignification
 c - a potion of berserk rage
 d - 7 potions of curing
 l - 5 potions of haste
 q - 9 potions of enlightenment
 s - 2 potions of attraction
 u - 7 potions of heal wounds
 z - 4 potions of mutation
 B - 3 potions of magic
 D - 3 potions of might
 H - 3 potions of brilliance
 T - 2 potions of invisibility
 W - 5 potions of ambrosia


   Skills:
 + Level 10.2 Fighting
 - Level 6.0 Ranged Weapons
 + Level 2.0 Throwing
 - Level 12.0 Dodging
 - Level 6.1 Stealth
 + Level 14.1 Unarmed Combat
 + Level 6.3 Spellcasting
 - Level 4.0 Translocations
 + Level 10.2 Transmutations
 + Level 4.3 Ice Magic
 - Level 2.0 Poison Magic
 + Level 12.2 Invocations
 + Level 8.2 Evocations


You had 7 spell levels left.
You knew the following spells:

 Your Spells              Type           Power      Damage    Failure   Level
a - Beastly Appendage     Tmut           70%        N/A       1%          1
b - Wereblood             Tmut           35%        N/A       1%          2
c - Spider Form           Tmut/Pois      20%        N/A       4%          3
d - Ice Form              Ice/Tmut       24%        N/A       10%         4
e - Blade Hands           Tmut           17%        N/A       6%          5
f - Frozen Ramparts       Ice            34%        1d6       7%          3
g - Blink                 Tloc           32%        N/A       4%          2

Your spell library contained the following spells:

 Spells                   Type           Power      Damage    Failure   Level
 Lesser Beckoning         Tloc           32%        N/A       4%          2
 Gell's Gravitas          Tloc           16%        N/A       9%          3
 Teleport Other           Tloc           16%        N/A       9%          3
 Ensorcelled Hibernation  Hex/Ice        16%        N/A       12%         2
 Ignite Poison            Fire/Tmut/Pois 13%        N/A       12%         3
 Momentum Strike          Conj/Tloc      16%        3d8       13%         2
 Shock                    Conj/Air       8%         1d3       21%         1
 Petrify                  Tmut/Erth      17%        N/A       24%         4
 Volatile Blastmotes      Fire/Tloc      16%        2d11      26%         3
 Swiftness                Air            4%         N/A       41%         3
 Dazzling Flash           Conj/Hex       4%         N/A       52%         3
 Irradiate                Conj/Tmut      8%         3d14      56%         5
 Airstrike                Air            2%         2d(1-17)  82%         4
 Cause Fear               Hex            2%         N/A       82%         4
 Dragon Form              Tmut           17%        N/A       88%         7
 Anguish                  Hex/Necr       1%         N/A       89%         4
 Sticky Flame             Conj/Fire      2%         2d3       89%         4
 Metabolic Englaciation   Hex/Ice        4%         N/A       92%         5
 Freezing Cloud           Conj/Ice/Air   2%         6-21      98%         5
 Statue Form              Tmut/Erth      11%        N/A       98%         6
 Agony                    Necr           4%         N/A       99%         5
 Borgnjor's Vile Clutch   Necr/Erth      1%         N/A       99%         5
 Fireball                 Conj/Fire      1%         3d3       99%         5
 Iskenderun's Battlesphe  Conj           4%         2d6       99%         5
 Silence                  Hex/Air        1%         N/A       99%         5
 Conjure Ball Lightning   Conj/Air       1%         3x3d6     100%        6
 Enfeeble                 Hex            2%         N/A       100%        7
 Orb of Destruction       Conj           2%         9d5       100%        7
 Ignition                 Fire           2%         3d3       100%        8
 Polar Vortex             Ice            8%         N/A       100%        9
 Summon Ice Beast         Ice/Summ       Unusable   N/A       N/A         4
 Animate Dead             Necr           Unusable   N/A       N/A         4
 Death Channel            Necr           Unusable   N/A       N/A         6

Dungeon Overview and Level Annotations

Branches:
Dungeon (15/15)            Temple (1/1) D:5            Lair (5/5) D:8
 Shoals (0/4) Lair:2       Spider (3/4) Lair:2        Slime (0/5) Lair:5
    Orc (2/2) D:10            Elf (0/3) Orc:2        Vaults (0/5) D:14
 Depths (0/4) D:15          Sewer (visited)

Altars:
Ashenzari
Cheibriados
Dithmenos
Elyvilon
Fedhas
Gozag
Hepliaklqana
Kikubaaqudgha
Makhleb
Nemelex Xobeh
Okawaru
Qazlal
Ru
Sif Muna
Trog
Uskayaw
Vehumet
Wu Jian
Xom
Yredelemnul
Zin
The Shining One
Jiyva

Shops:
D:4 [   D:11 [*(!(   D:15 :?   Orc:2 :(:*

Annotations:
D:3 Grinder
Lair:1 exclusion: 3 oklob plants


Innate Abilities, Weirdness & Mutations

You can breathe blasts of fire.
Your fiery red scales are hard. (AC +9)
You cannot fit into any form of body armour.
Your flesh is heat resistant. (rF+)
You are cold-blooded and may be slowed by cold attacks.


Message History

There is a stone staircase leading up here.
Found a stone staircase leading down.
You now have 2835 gold pieces (gained 8).
d - 7 potions of curing (gained 1)
A ghost moth and a pharaoh ant come into view.
Found a potion of berserk rage.
Found a stone staircase leading up.
You see here 9 gold pieces.
There are monsters nearby!
A culicivora comes into view.
The culicivora moves out of view.
Found a scroll of brand weapon.
The pharaoh ant gives a chilling moan.
You hear an angry buzzing noise. x2
A meliai comes into view. It is wielding a +0 hand axe. x2
Casting: Blade Hands (dangerous; 6% risk of failure)
Confirm with . or Enter, or press ? or * to list all spells.
Your blood is infused with primal strength.
The meliai buzzes angrily.
A meliai comes into view. It is wielding a +0 war axe.
The pharaoh ant bites you!
You feel drained. You block the culicivora's attack. The pharaoh ant bites you!
The meliai hits you but does no damage. The meliai completely misses you.
The meliai invokes the aid of its god against you.
Something smites you! The culicivora bites you!
The culicivora draws strength from your injuries!
The air fills with toxic fumes!
As you read the scroll of poison, it crumbles to dust.
The meliai completely misses you.
The meliai stings you but does no damage.
The meliai mumbles some strange prayers to its god against you.
Something smites you! The pharaoh ant bites you!! The culicivora misses you.
The meliai hits you with a +0 hand axe.
* * * LOW HITPOINT WARNING * * *
The meliai closely misses you. The meliai attacks as you move away!
The meliai hits you but does no damage. The meliai closely misses you.
The pharaoh ant attacks as you move away!
The pharaoh ant bites you!!
* * * LOW HITPOINT WARNING * * *
You feel drained.
You die...

.^.#...##.........####...#
.?.##.#..#§.§§###.##..#.###
#.##^...)#§##§^...#..##..
#...^#.#.#§§#§§........^##
#..## ###§§§§#.#......
#.##§§#.^#.### ##^.§§§###
.<...##§§§# !...#. ##@§#
y.#.#. #yBs§§# # . #^
#§§#§§# # §##yy§§§ §#
§#§§§§§ §# §#§§### §# §##§§
## #§ §§§


You could see a culicivora, a pharaoh ant and 3 meliai.

Vanquished Creatures
  Saint Roka (Orc:2)
  Arachne (Spider:2)
  Rupert (D:15)
  Donald (Spider:2)
  Louise (D:15)
  An orc warlord (Orc:1)
  2 broodmothers
  The ghost of Quget the Severer, a journeyman HOFi of Beogh (Lair:3)
  A dire elephant (D:15)
  Azrael (Orc:2)
  A spark wasp (Spider:2)
  An entropy weaver (Spider:1)
  A vault guard (D:14)
  9 hydras
  3 centaur warriors
  A boulder beetle (D:13)
  5 death yaks
  4 two-headed ogres
  A tengu warrior (D:13)
  Urug (D:11)
  Nergalle (D:10)
  An orc high priest (Orc:2)
  Amaemon (Lair:1)
  7 skysharks
  3 pharaoh ants
  A goliath frog (shapeshifter) (D:13)
  4 orb spiders
  A necromancer (D:14)
  2 wizards (D:14)
  3 steelbarb worms
  3 deep elf pyromancers
  3 orc knights
  7 wolf spiders
  2 manticores
  3 orc sorcerers
  6 cyclopes
  5 moths of wrath
  5 ugly things
  Maurice (Orc:1)
  A moth of wrath (shapeshifter) (D:15)
  A demonic crawler (Spider:2)
  A naga mage (D:15)
  2 black mambas
  19 elephants
  12 cane toads
  5 torpor snails
  Psyche (D:12)
  4 komodo dragons
  2 unseen horrors (D:10)
  5 rime drakes
  A cane toad (shapeshifter) (D:15)
  A yaktaur (D:10)
  A kobold demonologist (D:10)
  2 unseen horror zombies (D:7)
  An orange demon (Lair:1)
  A tengu conjurer (D:13)
  3 polar bears
  4 trolls
  5 hornets
  10 tarantellas
  4 blink frogs
  13 dream sheep
  A wind drake (Lair:2)
  5 slime creatures (D:15)
  7 culicivoras
  A centaur simulacrum (D:10)
  14 spriggans
  23 jumping spiders
  2 shadows (D:9)
  8 wyverns
  A fire bat (shapeshifter) (D:13)
  2 wraiths (D:10)
  21 humans (D:14)
  2 fire elementals (Orc:2)
  35 yaks
  Grum (D:8)
  5 basilisks
  4 vampire mosquitoes
  Menkaure (D:5)
  Edmund (D:5)
  20 redbacks
  5 acid dragons
  12 water moccasins
  5 hell hounds (Orc:2)
  A floating eye (Lair:1)
  4 ice beasts
  2 sky beasts
  23 orc warriors
  5 ogres
  3 black bears (Lair:5)
  51 wolves
  5 boggarts (Lair:5)
  9 centaurs
  4 kobold brigands
  2 phantoms
  7 bullfrogs
  A wyvern zombie (D:7)
  2 water moccasin zombies (D:7)
  3 scorpions
  8 wights
  11 killer bees
  An electric eel (Lair:2)
  6 howler monkeys
  2 bullfrog zombies (D:7)
  2 centaur zombies (D:7)
  3 gnoll boudas
  4 hounds
  7 jellies
  20 orc priests
  3 iguanas
  A sleepcap (D:8)
  Natasha (twice) (D:2)
  19 orc wizards
  3 hell rats (Lair:2)
  A sickly merfolk siren (Sewer)
  2 killer bee zombies (D:7)
  A malarious merfolk avatar (Sewer)
  9 gnolls
  10 adders
  9 river rats
  A shadow imp (D:6)
  2 white imps
  2 ufetubi
  8 worms
  5 dart slugs
  71 orcs
  6 ball pythons
  7 bats
  10 endoplasms
  4 giant cockroaches
  11 goblins
  8 hobgoblins
  8 jackals
  3 quokkas
  3 frilled lizards (Sewer)
  23 kobolds
  37 rats
827 creatures vanquished.

Vanquished Creatures (others)
  An orc (Orc:1)
1 creature vanquished.

Grand Total: 828 creatures vanquished

Notes
Turn   | Place    | Note
-------+----------+-------------------------------------------
     0 | D:1      | juan097 the Draconian Transmuter began the quest for the
                  | Orb.
     0 | D:1      | Reached XP level 1. HP: 16/16 MP: 3/3
   139 | D:1      | Reached XP level 2. HP: 20/23 MP: 5/5
   142 | D:1      | Learned a level 2 spell: Wereblood
   477 | D:1      | Reached skill level 1 in Stealth
   840 | D:1      | Reached XP level 3. HP: 29/29 MP: 2/6
  1380 | D:2      | Noticed Natasha
  1451 | D:2      | Killed Natasha
  1452 | D:2      | Reached XP level 4. HP: 33/37 MP: 5/7
  1464 | D:2      | Noticed Natasha
  1478 | D:2      | Killed Natasha
  2073 | D:3      | Noticed Grinder
  2404 | D:3      | Reached XP level 5. HP: 42/42 MP: 6/8
  2669 | D:3      | Found a glowing golden altar of the Shining One.
  2896 | D:4      | Found a large runed translucent door.
  2898 | D:4      | Found a large runed translucent door.
  2908 | D:4      | Noticed a yak
  2908 | D:4      | Noticed a sky beast
  3088 | D:4      | Found a glowing drain.
  3172 | Sewer    | Entered a sewer
  3200 | Sewer    | Reached skill level 4 in Unarmed Combat
  3311 | Sewer    | Reached XP level 6. HP: 51/51 MP: 7/9
  3924 | D:4      | Found a large runed translucent door.
  3924 | D:4      | Found a large runed translucent door.
  4080 | D:4      | Learned a level 3 spell: Spider Form
  4147 | D:4      | Reached skill level 5 in Unarmed Combat
  4251 | D:4      | Your scales start taking on a fiery red colour.
  4251 | D:4      | Reached XP level 7. HP: 43/57 MP: 8/10
  4251 | D:4      | Gained mutation: Your flesh is heat resistant. (rF+) [Red
                  | Draconian growth]
  4319 | D:4      | Found Ewnok's Armour Boutique.
  4323 | D:4      | Bought a +0 pair of boots for 54 gold pieces
  4456 | D:4      | Found a snail-covered altar of Cheibriados.
  4536 | D:5      | Entered Level 5 of the Dungeon
  4607 | D:5      | Noticed Menkaure
  4770 | D:5      | Identified the +6 scale mail of Past Mistakes {Str+3
                  | Slay+2}
  4789 | D:5      | Reached skill level 6 in Unarmed Combat
  4880 | D:5      | Reached skill level 1 in Poison Magic
  5004 | D:5      | Noticed Edmund
  5144 | D:4      | Reached XP level 8. HP: 43/63 MP: 8/12
  5330 | D:5      | Killed Menkaure
  5331 | D:5      | Reached skill level 5 in Transmutations
  5515 | D:5      | Found a staircase to the Ecumenical Temple.
  5569 | Temple   | Entered the Ecumenical Temple
  5771 | Temple   | Became a worshipper of Warmaster Okawaru
  5813 | D:5      | Reached skill level 7 in Unarmed Combat
  5839 | D:5      | Found a sacrificial altar of Ru.
  6029 | D:5      | Killed Edmund
  6300 | D:5      | Reached skill level 8 in Unarmed Combat
  6305 | D:5      | Learned a level 4 spell: Ice Form
  6531 | D:6      | Reached * piety under Okawaru
  7128 | D:6      | Reached XP level 9. HP: 62/70 MP: 13/13
  7302 | D:6      | Reached skill level 1 in Ice Magic
  7902 | D:7      | Reached ** piety under Okawaru
  8116 | D:7      | Found a shimmering blue altar of Sif Muna.
  8812 | D:8      | Noticed a rime drake
  8936 | D:8      | Noticed Grum
  8967 | D:8      | Reached skill level 5 in Fighting
  8971 | D:8      | Reached XP level 10. HP: 30/81 MP: 16/16
  9220 | D:8      | Reached *** piety under Okawaru
  9592 | D:8      | Killed Grum
  9744 | D:8      | Reached skill level 5 in Stealth
  9744 | D:8      | Reached skill level 9 in Unarmed Combat
  9861 | D:8      | Found a staircase to the Lair.
 10073 | D:8      | Reached skill level 5 in Dodging
 10580 | D:9      | Reached **** piety under Okawaru
 11585 | D:9      | Identified the +0 ring mail of the Onion {rElec rC+++ Dex-3
                  | Stlth-}
 11591 | D:10     | Entered Level 10 of the Dungeon
 11976 | Lair:1   | Entered Level 1 of the Lair of Beasts
 12001 | Lair:1   | Noticed an oklob plant
 12225 | Lair:1   | Learned a level 5 spell: Blade Hands
 12232 | Lair:1   | Noticed an orange demon
 12254 | Lair:1   | Killed an orange demon
 12255 | Lair:1   | Reached XP level 11. HP: 89/89 MP: 11/17
 12377 | Lair:1   | Noticed Amaemon
 12399 | Lair:1   | Killed Amaemon
 12436 | Lair:1   | Noticed an oklob plant
 12878 | Lair:1   | Noticed an oklob plant
 13134 | Lair:2   | Found a staircase to the Shoals.
 13165 | Lair:2   | Reached ***** piety under Okawaru
 13317 | Lair:2   | Identified the scarf of Xujaabi {shadows, Dex+3} (Okawaru
                  | gifted it to you on level 2 of the Lair of Beasts)
 13317 | Lair:2   | Received a gift from Okawaru
 13318 | Lair:2   | Reached skill level 5 in Spellcasting
 13323 | Lair:2   | Reached skill level 10 in Unarmed Combat
 13586 | Lair:2   | Noticed a pharaoh ant
 13593 | Lair:2   | Killed a pharaoh ant
 13619 | Arena    | Entered the Arena
 13623 | Arena    | HP: 2/89 [rime drake/icy flash freeze (12)]
 13625 | Arena    | Reached skill level 10 in Transmutations
 13895 | Lair:2   | Found a hole to the Spider Nest.
 13951 | Lair:2   | Reached skill level 11 in Unarmed Combat
 14466 | Lair:3   | Found a runed translucent gate.
 14466 | Lair:3   | Found a runed translucent gate.
 14467 | Lair:3   | Found a runed translucent gate.
 14468 | Lair:3   | Noticed Quget's ghost (journeyman HOFi)
 14710 | Lair:3   | Reached XP level 12. HP: 88/96 MP: 12/19
 14721 | Lair:3   | Got Sedog's Quarto of Cryomancy and Orientation
 14770 | Lair:3   | Reached skill level 12 in Unarmed Combat
 15141 | Lair:3   | Reached skill level 1 in Invocations
 15146 | Lair:3   | Reached skill level 1 in Ranged Weapons
 15801 | Lair:4   | HP: 5/100 [wolf (8)]
 16306 | Lair:4   | Received a gift from Okawaru
 16355 | Lair:4   | Noticed a four-headed hydra
 16418 | Lair:4   | Killed a four-headed hydra
 16807 | Lair:4   | Reached skill level 5 in Invocations
 16815 | Lair:4   | Reached XP level 13. HP: 89/107 MP: 17/20
 16997 | Lair:4   | Received a gift from Okawaru
 17347 | Lair:5   | Entered Level 5 of the Lair of Beasts
 17361 | Lair:4   | Reached ****** piety under Okawaru
 17479 | Lair:4   | Reached skill level 13 in Unarmed Combat
 18115 | Lair:4   | Reached skill level 5 in Ranged Weapons
 18438 | Lair:5   | Received a gift from Okawaru
 18891 | Lair:5   | Found an opulent altar of Gozag.
 18999 | Arena    | Entered the Arena
 19590 | Lair:5   | Received a gift from Okawaru
 19892 | Lair:5   | Paralysed by a hornet for 3 turns
 19898 | Lair:5   | Reached XP level 14. HP: 38/119 MP: 12/21
 20624 | Lair:5   | Found a viscous altar of Jiyva.
 20625 | Lair:5   | Found a staircase to the Slime Pits.
 20998 | Lair:3   | Received a gift from Okawaru
 21097 | Lair:3   | Killed Quget's ghost
 21098 | Lair:3   | Reached skill level 1 in Evocations
 21525 | D:10     | Reached skill level 10 in Fighting
 21608 | D:10     | Noticed Nergalle
 21619 | D:10     | Killed Nergalle
 21717 | D:10     | Found a sparkling altar of Nemelex Xobeh.
 21797 | D:10     | Found a blossoming altar of Fedhas.
 21798 | D:10     | Found an ornate altar of the Wu Jian Council.
 21799 | D:10     | Found a shadowy altar of Dithmenos.
 21900 | D:10     | Reached skill level 14 in Unarmed Combat
 22103 | D:10     | Found a staircase to the Orcish Mines.
 22747 | Orc:1    | Entered Level 1 of the Orcish Mines
 22768 | Orc:1    | Noticed Maurice
 22775 | Orc:1    | Killed Maurice
 22937 | Orc:2    | Entered Level 2 of the Orcish Mines
 22939 | Orc:2    | Noticed an orc warlord
 23064 | Orc:1    | Killed an orc warlord
 23064 | Orc:1    | Received a gift from Okawaru
 23867 | Orc:2    | Found Acuwar's Book Shoppe.
 24165 | Orc:2    | Noticed Saint Roka
 24182 | Orc:2    | Killed Saint Roka
 24182 | Orc:2    | Received a gift from Okawaru
 24183 | Orc:2    | Reached skill level 10 in Dodging
 24197 | Orc:2    | Reached skill level 5 in Evocations
 24205 | Orc:2    | Found Xefesh's Antique Weapon Emporium.
 24305 | Orc:2    | Found Tidad's General Store.
 24364 | Orc:2    | Bought a scroll of teleportation for 36 gold pieces
 24405 | Orc:2    | Found Muvafi's Book Emporium.
 24420 | Orc:2    | Found Noibepar's Antique Armour Emporium.
 24459 | Orc:2    | Noticed Azrael
 24472 | Orc:2    | Killed Azrael
 24632 | Orc:2    | Found a staircase to the Elven Halls.
 25185 | D:4      | Bought the +2 pair of gloves "Ufudis" {rPois rF++ Str+2
                  | SInv} for 619 gold pieces
 25204 | D:4      | Learned a level 3 spell: Frozen Ramparts
 25581 | D:11     | Found Kyjauc Ceub's Antique Armour Emporium.
 25587 | D:11     | Bought a pair of ancient boots for 332 gold pieces
 25587 | D:11     | Identified the +1 pair of boots of Skepticism {rElec} (You
                  | bought it in a shop on level 11 of the Dungeon)
 25631 | D:11     | Noticed Urug
 25638 | D:11     | Killed Urug
 25812 | D:11     | Found Wiwome's Weapon Boutique.
 25947 | D:11     | Found Zarat's Distillery.
 25955 | D:11     | Bought a potion of invisibility for 96 gold pieces
 25955 | D:11     | Bought a potion of heal wounds for 60 gold pieces
 25955 | D:11     | Bought a potion of curing for 36 gold pieces
 26113 | D:11     | Reached skill level 10 in Invocations
 26204 | D:11     | Found a sparkling altar of Nemelex Xobeh.
 26224 | D:11     | Found Suocip's Antique Weapon Emporium.
 26311 | D:11     | Found Wockify's General Store.
 26319 | D:11     | Bought a scroll of identify for 36 gold pieces
 26541 | D:12     | Noticed Psyche
 26546 | D:12     | Killed Psyche
 27502 | D:13     | Reached XP level 15. HP: 126/126 MP: 17/22
 27884 | D:13     | Learned a level 2 spell: Blink
 28361 | D:13     | Reached skill level 1 in Translocations
 28493 | D:14     | Identified the +6 hand axe of Gluttony {flame, Fly rN+
                  | Dex+3} (Okawaru gifted it to you on level 14 of the
                  | Dungeon)
 28493 | D:14     | Received a gift from Okawaru
 29376 | D:14     | Found a gate to the Vaults.
 29384 | Abyss:2  | Cast into level 2 of the Abyss (a wizard)
 29396 | D:14     | Escaped the Abyss
 29530 | D:15     | Entered Level 15 of the Dungeon
 29530 | D:15     | Found Jivvus Epp's Magic Scroll Shoppe.
 29535 | D:15     | Bought a scroll of poison for 64 gold pieces
 29535 | D:15     | Bought a scroll of teleportation for 48 gold pieces
 29875 | D:15     | Identified the +0 pair of boots "Yffeh" {Stlth+} (Okawaru
                  | gifted it to you on level 15 of the Dungeon)
 29875 | D:15     | Received a gift from Okawaru
 29963 | D:15     | Found Serghepu's Book Boutique.
 30035 | D:15     | Noticed Rupert
 30044 | D:15     | Killed Rupert
 30168 | D:15     | Noticed Louise
 30178 | D:15     | Killed Louise
 30518 | D:15     | Found a staircase to the Depths.
 31008 | Spider:1 | Entered Level 1 of the Spider Nest
 31410 | Spider:1 | You fall into a shaft and drop 1 floor!
 33573 | Spider:2 | Noticed Donald
 33577 | Spider:2 | Noticed Arachne
 33594 | Spider:2 | Killed Donald
 33595 | Spider:2 | Reached skill level 1 in Throwing
 33598 | Spider:2 | Reached XP level 16. HP: 69/134 MP: 19/25
 34324 | Spider:2 | Received a gift from Okawaru
 34337 | Spider:2 | Identified a scroll of acquirement
 34342 | Spider:2 | Acquired 699 gold pieces
 34481 | Spider:2 | Killed Arachne
 35394 | Spider:3 | Slain by a pharaoh ant

Illustrated notes

Levels and vault maps discovered:
D:1:      saegor_arrival_simple_c, layout_loops_corners
D:2:      layout_loops_ring, uniq_natasha
D:3:      layout_loops_ring, nicolae_tso_swordbearing_angel, uniq_grinder
D:4:      layout_loops_ring, kennysheep_little_box, lightli_sewer_entry_pipes,
          serial_shops, nicolae_shop_back_alley_shop,
          minmay_hollow_rounded_squares
D:5:      layout_basic, mainiacjoe_overflow_alcove_1,
          minmay_temple_entry_sparse_star, uniq_menkaure, uniq_edmund
D:6:      layout_basic
D:7:      layout_basic, nicolae_overflow_hidden_temple, serial_undead,
          serial_undead_d, serial_undead_d, serial_undead_d, serial_undead_c,
          hex_tiny
D:8:      layout_loops_corners, hellmonk_lair_entry_icy, the_hattery, uniq_grum
D:9:      layout_loops_ring
D:10:     nzn_winding_woodlands_small
          [nzn_winding_woodlands_5x15_pathside_ponds,
          nzn_winding_woodlands_center_pierced_h,
          nzn_winding_woodlands_5x15_sawtooth], layout_irregular_city,
          mainiacjoe_overflow_catwalk,
          chequers_temple_overflow_statue_of_worship,
          mainiacjoe_overflow_surrounded_room, orc_0_dummy, grunt_ministairs_5,
          uniq_nergalle
D:11:     layout_roguey, serial_shops, nicolae_square_shop,
          nicolae_shop_rolling_square, shop, nicolae_shop_waterfront,
          shop_statue, nemelex_diamond_rough_becter, uniq_urug
D:12:     layout_basic, lemuel_flamethrower_3, uniq_psyche
D:13:     layout_roguey
D:14:     layout_irregular_city, grunt_vaults_entry_tiered
D:15:     hangedman_depths_entry_try_elsewhere_first, layout_basic,
          ebering_dispersal_statue_hall, serial_shops, shop, shop_scrolls,
          uniq_rupert, uniq_louise
Temple:   nicolae_temple_bog_church
Lair:1:   layout_cave_pods, st_stairs_9, disabler_island, uniq_amaemon
Lair:2:   layout_layer_cave, minmay_shoals_entry_beasts,
          nicolae_spider_entry_lesser_pyramids, kennysheep_abandoned_house,
          serial_bayou_shore_a
Lair:3:   layout_hall_layers, ebering_ghost_rock_garden,
          eino_small_chamber_without_monster
Lair:4:   layout_big_grid, grunt_forest_large_clearings
Lair:5:   minmay_lair_end_enchanted_forest, layout_big_grid,
          dpeg_slime_entry_enclosed, basic_altar
Spider:1: layout_spider_delve, drop_trap, nicolae_spider_twisty_arc_passages
Spider:2: layout_cave_pods, uniq_arachne, uniq_donald
Spider:3: layout_spider_delve
Orc:1:    layout_caves, basic_altar, uniq_maurice
Orc:2:    grunt_orc_cross, layout_caves, serial_shops, nicolae_shop_statue_plus,
          uniq_azrael, uniq_saint_roka

Skill      XL: |  1  2  3  4  5  6  7  8  9 10 11 12 13 14 15 16 |
---------------+-------------------------------------------------+-----
Dodging        | 2 3 4 5 6 7 8 10 12 | 12.0
Stealth        | 1 2 3 4 6 |  6.1
Fighting       | 2 3 5 6 7 9 10 | 10.2
Unarmed Combat | 4 5 6 8 9 11 12 13 14 | 14.1
Transmutations | 3 4 6 7 8 10 | 10.2
Spellcasting   | 3 4 5 6 |  6.3
Poison Magic   | 2 |  2.0
Ice Magic      | 2 4 |  4.3
Invocations    | 5 7 10 12 | 12.2
Ranged Weapons | 4 6 |  6.0
Evocations     | 6 8 |  8.2
Translocations | 4 |  4.0
Throwing       | 1 2 |  2.0

Action                     |  1- 3 |  4- 6 |  7- 9 | 10-12 | 13-15 | 16-18 || total
---------------------------+-------+-------+-------+-------+-------+-------++-------
  Melee: Unarmed           |   117 |   302 |   298 |   450 |   986 |    99 ||  2252
         Headbutt          |    11 |    17 |    28 |     5 |       |       ||    61
         Kick              |    14 |    29 |    37 |    11 |       |       ||    91
         Tailslap          |     7 |    48 |    55 |    74 |   160 |    16 ||   360
         Punch             |     1 |     5 |    13 |    43 |    86 |    10 ||   158
         Rapier            |       |       |    17 |    20 |       |       ||    37
   Fire: Sling             |       |     9 |    10 |    17 |       |       ||    36
         Orcbow            |       |       |       |    33 |     9 |       ||    42
         Hand crossbow     |       |       |       |       |    11 |       ||    11
  Throw: Dart              |       |     1 |    10 |     6 |     3 |     8 ||    28
         Boomerang         |       |       |       |       |       |     1 ||     1
   Cast: Beastly Appendage |    23 |    38 |    18 |     5 |     2 |       ||    86
         Wereblood         |     3 |    12 |    15 |    35 |    65 |     7 ||   137
         Spider Form       |       |       |     3 |     4 |       |       ||     7
         Blade Hands       |       |       |       |    36 |   112 |    10 ||   158
         Ice Form          |       |       |       |     3 |    11 |       ||    14
 Invoke: Heroism           |       |       |       |     3 |     7 |     2 ||    12
         Duel              |       |       |       |     1 |     1 |       ||     2
         Finesse           |       |       |       |       |     1 |       ||     1
Ability: Breathe Fire      |       |       |    15 |    28 |    45 |     2 ||    90
         End Transformatio |       |       |       |       |     5 |       ||     5
  Evoke: Wand              |       |       |     1 |     3 |     8 |       ||    12
    Use: Scroll            |       |       |       |    14 |    12 |     6 ||    32
         Potion            |       |       |       |     1 |     6 |     2 ||     9
   Stab: Sleeping          |       |     4 |     1 |     3 |     1 |     1 ||    10
         Distracted        |       |       |       |       |     2 |       ||     2
 Armour: Skin              |    35 |    82 |   113 |   171 |   417 |    72 ||   890
  Dodge: Dodged            |    83 |   143 |   174 |   313 |   750 |   156 ||  1619
  Block: Other             |       |    47 |    64 |   123 |   239 |    30 ||   503
         Reflection        |       |     1 |     2 |     1 |    12 |       ||    16

Table legend: (Time is in decaauts)
 A = Elapsed time spent in this place.
 B = Non-inter-level travel time spent in this place.
 C = Inter-level travel time spent in this place.
 D = Time resting spent in this place.
 E = Time spent auto-exploring this place.
 F = Levels seen in this place.
 G = Mean time per level.
                   A        B        C        D        E       F      G
               +--------+--------+--------+--------+--------+-----+--------+
         Total |  35131 |  32489 |   2642 |   1231 |  24648 |  30 | 1171.0 |
       Dungeon |  18676 |  16618 |   2058 |    380 |  12828 |  15 | 1245.1 |
        Temple |    226 |    201 |     25 |      0 |    189 |   1 |  226.0 |
          Lair |   9366 |   9021 |    345 |    442 |   6819 |   5 | 1873.2 |
   Spider Nest |   4162 |   4030 |    132 |    377 |   2906 |   3 | 1387.3 |
  Orcish Mines |   2098 |   2019 |     79 |      0 |   1671 |   2 | 1049.0 |
         Abyss |     11 |     11 |      0 |      0 |      0 |   1 |   11.0 |
         Sewer |    542 |    542 |      0 |      0 |    233 |   1 |  542.0 |
         Arena |     47 |     47 |      0 |     31 |      0 |   2 |   23.5 |
               +--------+--------+--------+--------+--------+-----+--------+

Top non-repeatable levels by time:
  Lair:5: 2963 daAuts
Spider:1: 2198 daAuts
  Lair:4: 1943 daAuts
Spider:2: 1819 daAuts
     D:4: 1817 daAuts
  Lair:3: 1750 daAuts
     D:7: 1749 daAuts
    D:10: 1590 daAuts
     D:8: 1571 daAuts
  Lair:2: 1489 daAuts
     D:9: 1377 daAuts
     D:5: 1282 daAuts
    D:15: 1243 daAuts
  Lair:1: 1220 daAuts
     D:6: 1181 daAuts
